 Dungeon Crawl Stone Soup version 0.18-a0-1045-g4e042de (webtiles) character file.

1101 Duffy the Cleaver (level 8, 0/64 HPs)
             Began as a Hill Orc Fighter on Jan 12, 2016.
             Slain by an orc warrior
             ... wielding a +0 short sword
              (5 damage)
             ... on level 5 of the Dungeon.
             The game lasted 00:03:06 (3857 turns).

Duffy the Cleaver (Hill Orc Fighter)                Turns: 3857, Time: 00:03:06

Health: 0/64       AC:  8    Str: 19    XL:     8   Next: 32%
Magic:  8/8        EV: 12    Int:  8    God:
Gold:   268        SH:  0    Dex: 12    Spells: 0 memorised, 7 levels left

rFire  . . .     SeeInvis .     a - +0 war axe
rCold  . . .     Gourm    .     b - +0 scale mail
rNeg   . . .     Faith    .     (no shield)
rPois  .         Spirit   .     (no helmet)
rElec  .         Dismiss  .     p - +0 cloak
rCorr  .         Reflect  .     (no gloves)
SustAt .         Harm     .     (no boots)
MR     .....                    (no amulet)
Stlth  ..........               q - +3 ring of evasion
                                k - ring of loudness (curse)

@: not resistant to hostile enchantments, extremely unstealthy
A: no striking features
a: no special abilities


You were on level 5 of the Dungeon.
You were not hungry.

You visited 1 branch of the dungeon, and saw 6 of its levels.

You collected 268 gold pieces.


   Skills:
 - Level 3.6 Fighting
 + Level 12.3 Axes
 - Level 3.2 Armour
 - Level 3.2 Shields


You had 7 spell levels left.
You didn't know any spells.

Inventory:

Hand Weapons
 a - a +0 war axe (weapon)
Missiles
 m - 9 tomahawks (quivered)
 o - 2 poisoned javelins
Armour
 b - a +0 scale mail (worn)
 c - a +0 shield
 p - a +0 cloak (worn)
Jewellery
 k - a cursed ring of loudness (left hand)
 q - a +3 ring of evasion (right hand)
Scrolls
 e - 5 scrolls of identify {unknown}
 g - 2 scrolls of amnesia {unknown}
 h - 2 scrolls of teleportation {unknown}
 l - a scroll of remove curse {unknown}
 r - a scroll of fear {unknown}
Potions
 d - a potion of might
 j - a potion of cure mutation {unknown}
Comestibles
 f - 4 bread rations
 n - 2 meat rations

Dungeon Overview and Level Annotations

Branches:
Dungeon (6/15)
 Temple: D:4-7

Altars:


Message History

You hit the orc warrior.
The orc warrior is lightly wounded.
The orc warrior hits you but does no damage.
You hit the orc warrior.
The orc warrior is moderately wounded.
The orc warrior closely misses you.
You hit the orc warrior.
The orc warrior is heavily wounded.
The orc warrior hits you with a short sword!
You hit the orc warrior but do no damage.
The orc warrior is heavily wounded.
You barely miss the orc warrior.
The orc warrior is heavily wounded.
The orc warrior hits you with a short sword.
You hit the orc warrior but do no damage.
The orc warrior is heavily wounded.
The orc warrior hits you but does no damage.
You hit the orc warrior.
The orc warrior is heavily wounded.
The orc warrior closely misses you.
You hit the orc warrior but do no damage.
The orc warrior is heavily wounded.
The orc warrior hits you with a short sword.
You barely miss the orc warrior.
The orc warrior is heavily wounded.
The orc warrior completely misses you.
You hit the orc warrior.
The orc warrior is severely wounded.
The orc warrior misses you.
You closely miss the orc warrior.
The orc warrior is severely wounded.
You barely miss the orc warrior.
The orc warrior is severely wounded.
The orc warrior hits you with a short sword.
You die...

#.#.##......'.#
#####.#.##......###
#.......##......#
#.......##......#
#.......###'#####
#......(###(######
#......[)((........
##......>(..........
#...@(..............
......o.#..............
........##.............
........#.........$....
........#..............
........'.............
........##..........
........##........
#######


You could see an orc warrior.

Action                   |  1- 3 |  4- 6 |  7- 9 || total
-------------------------+-------+-------+-------++-------
Melee: War axe           |    45 |   111 |   124 ||   280
  Eat: Chunk             |       |     3 |     5 ||     8
       Beef jerky        |       |     1 |       ||     1

Notes
Turn   | Place    | Note
--------------------------------------------------------------
     0 | D:1      | Duffy the Hill Orc Fighter began the quest for the Orb.
     0 | D:1      | Reached XP level 1. HP: 19/19 MP: 1/1
    53 | D:1      | Reached skill level 3 in Axes
    53 | D:1      | Reached XP level 2. HP: 6/26 MP: 2/2
   375 | D:2      | Reached skill level 4 in Axes
   435 | D:2      | Reached XP level 3. HP: 17/31 MP: 3/3
   762 | D:3      | Reached skill level 5 in Axes
   806 | D:3      | Reached XP level 4. HP: 5/39 MP: 4/4
  1085 | D:3      | Reached skill level 6 in Axes
  1412 | D:4      | Noticed a phantom
  1432 | D:4      | Killed a phantom
  1432 | D:4      | Reached skill level 7 in Axes
  1432 | D:4      | Reached XP level 5. HP: 30/45 MP: 5/5
  1680 | D:4      | Reached skill level 8 in Axes
  1680 | D:4      | Reached XP level 6. HP: 49/51 MP: 6/6
  2545 | D:4      | Reached skill level 9 in Axes
  2554 | D:4      | Reached XP level 7. HP: 50/57 MP: 7/7
  2720 | D:5      | Entered Level 5 of the Dungeon
  2793 | D:5      | Reached skill level 10 in Axes
  3327 | D:5      | Reached skill level 11 in Axes
  3408 | D:5      | Noticed Menkaure
  3411 | D:5      | Killed Menkaure
  3421 | D:5      | Reached XP level 8. HP: 64/64 MP: 8/8
  3525 | D:5      | Reached skill level 12 in Axes
  3857 | D:5      | Slain by an orc warrior

Vault maps used:
D:1:      noname_arrival_rooms_in_the_neighbourhood, st_stairs_4,
          item_on_display_a
D:3:      serial_park_tiny_1
D:4:      first_bread, dk_noncrumbling_4, grunt_decor_arrowhead,
          minmay_ogre_servants
D:5:      grunt_gozag_breadcrumbs, kennysheep_generic_room_14, uniq_menkaure
D:6:      minmay_temple_entry_mist

Vanquished Creatures
  Menkaure
  2 phantoms
  2 ogres
  2 centaurs
  2 crimson imps
  A giant frog skeleton
  3 orc priests
  3 orc wizards
  2 worker ants
  A hound skeleton
  5 gnolls
  7 adders
  An ooze
  A worm
  3 giant geckos
  7 orcs
  3 bats
  4 giant cockroaches
  10 goblins
  A hobgoblin
  8 jackals
  3 kobolds
  2 quokkas
  A jackal skeleton
  4 rats
79 creatures vanquished.
